 Dungeon Crawl Stone Soup version 0.31-a0-963-ga325b2283a (webtiles) character file.

Game seed: 2920701583759524571

53 Arcadio the Gusty (level 3, 0/19 HPs)
             Began as a Tengu Air Elementalist on Oct 25, 2023.
             Slain by a gnoll
             ... wielding a +0 spear
              (1 damage)
             ... on level 2 of the Dungeon.
             The game lasted 00:03:05 (1106 turns).

Arcadio the Gusty (Tengu Air Elementalist)          Turns: 1106, Time: 00:03:06

Health: 0/19       AC:  2    Str:  8    XL:     3   Next: 89%
Magic:  1/8        EV: 13    Int: 17    God:
Gold:   116        SH:  0    Dex: 14    Spells: 6/7 levels left

rFire   . . .        f - +3 whip
rCold   . . .        (no shield)
rNeg    . . .        a - +0 robe
rPois   .            (helmet restricted)
rElec   .            (no cloak)
rCorr   .            (no gloves)
SInv    .            (boots unavailable)
Will    .....        (no amulet)
Stlth   ++           (no ring)
HPRegen 0.23/turn    (no ring)
MPRegen 0.11/turn

%: acrobat
@: no status effects
A: beak, talons 3, acrobatic
a: no special abilities


You were on level 2 of the Dungeon.
You visited 1 branch of the dungeon, and saw 2 of its levels.

You collected 116 gold pieces.

Inventory:

Hand Weapons
 f - a +3 whip (weapon)
Armour
 a - a +0 robe (worn)
 e - a +0 leather armour
Scrolls
 h - a scroll of revelation {unknown}
 j - a scroll of blinking {unknown}
 k - a scroll of teleportation {unknown}
 l - a scroll of enchant weapon {unknown}
 m - a scroll of poison {unknown}
 n - a scroll of fog {unknown}
Potions
 b - a potion of magic
 c - a potion of attraction {unknown}
 d - a potion of enlightenment {unknown}
 g - a potion of lignification {unknown}
 i - a potion of might {unknown}


   Skills:
 + Level 3.1 Dodging
 - Level 2.0 Stealth
 + Level 2.7 Spellcasting
 - Level 1.3 Conjurations
 + Level 4.8 Air Magic


You had 6 spell levels left.
You knew the following spells:

 Your Spells              Type           Power      Damage    Failure   Level
a - Shock                 Conj/Air       48%        1d6       4%          1

Your spell library contained the following spells:

 Spells                   Type           Power      Damage    Failure   Level
 Static Discharge         Conj/Air       24%        3-4/arc   8%          2
 Swiftness                Air            18%        N/A       8%          3
 Airstrike                Air            9%         2d(2-18)  24%         4


Dungeon Overview and Level Annotations

Branches:
Dungeon (2/15) Zot: 10891

Altars:


Innate Abilities, Weirdness & Mutations

You have a beak for a mouth.
You have claws for feet.
You can magically evade attacks while moving or waiting.


Message History

You kill the giant cockroach!
The zap hits the gnoll.
The gnoll is severely wounded.
The zap hits the gnoll.
You kill the gnoll!
You have reached level 3!
Your experience leads to an increase in your attributes!
Increase (S)trength, (I)ntelligence, or (D)exterity?
You feel clever. x2
The gnoll completely misses you.
You hit the gnoll. You claw the gnoll, but do no damage.
The gnoll is moderately wounded.
The gnoll closely misses you.
You hit the gnoll. You claw the gnoll.
The gnoll is severely wounded.
The gnoll barely misses you.
The gnoll hits you from afar with a +0 spear.
You barely miss the gnoll. You claw the gnoll.
You kill the gnoll!
The gnoll barely misses you.
Your magical contamination has completely faded away.
Your Dodging skill increases to level 3!
You hit the gnoll.
You kill the gnoll!
The gnoll hits you from afar with a +0 spear!
Ouch! That really hurt!
* * * LOW HITPOINT WARNING * * *
Casting: Shock (safe; 4% risk of failure)
Confirm with . or Enter, or press ? or * to list all spells.
You don't have enough magic to cast this spell.
Unknown command.
The gnoll completely misses you.
You barely miss the gnoll. You claw the gnoll.
The gnoll is moderately wounded.
The gnoll hits you with a +0 spear.
* * * LOW HITPOINT WARNING * * *
You closely miss the gnoll. You claw the gnoll!
The gnoll is severely wounded.
The gnoll hits you with a +0 spear.
You die...

##### ...# #.## #..##### #......#
######## #...)..####......#
#+#+#+#+#.[.)..g@.......)#
..........(....###.......#
.#†...........# #.......#
#.####.......# #.......########
..........#.#####...............
g###.............##.........#####
#...............########.#
...###..<......#.# #.# ##.
###.#######)# #.# #


You could see a gnoll.

Vanquished Creatures
  3 gnolls (D:2)
  A dart slug (D:1)
  3 ball pythons (D:1)
  An endoplasm (D:2)
  A giant cockroach (D:2)
  A goblin (D:1)
  3 hobgoblins (D:1)
  6 kobolds
  2 bats
  2 rats (D:1)
23 creatures vanquished.

Notes
Turn   | Place    | Note
-------+----------+-------------------------------------------
     0 | D:1      | Arcadio the Tengu Air Elementalist began the quest for the
                  | Orb.
     0 | D:1      | Reached XP level 1. HP: 10/10 MP: 4/4
   197 | D:1      | Reached XP level 2. HP: 15/15 MP: 3/6
  1098 | D:2      | Reached XP level 3. HP: 17/19 MP: 0/7
  1106 | D:2      | Slain by a gnoll

Illustrated notes

Levels and vault maps discovered:
D:1:      eino_arrival_cavern_e, layout_basic
D:2:      minmay_razor_zed, layout_basic, amethyst_killhole,
          minmay_rat_gold_closets

Skill      XL: |  1  2  3 |
---------------+----------+-----
Dodging        | 3 |  3.1
Stealth        | |  2.0
Spellcasting   | |  2.7
Conjurations   | |  1.3
Air Magic      | |  4.8

Action                     || total
---------------------------++-------
  Melee: Unarmed           ||     9
         Kick              ||    13
         Whip              ||    23
         Peck              ||     1
   Cast: Shock             ||    24
 Armour: Robe              ||    14
  Dodge: Dodged            ||    18

Table legend: (Time is in decaauts)
 A = Elapsed time spent in this place.
 B = Non-inter-level travel time spent in this place.
 C = Inter-level travel time spent in this place.
 D = Time resting spent in this place.
 E = Time spent auto-exploring this place.
 F = Levels seen in this place.
 G = Mean time per level.
                   A        B        C        D        E       F      G
               +--------+--------+--------+--------+--------+-----+--------+
         Total |   1107 |   1091 |     16 |      0 |    941 |   2 |  553.5 |
       Dungeon |   1107 |   1091 |     16 |      0 |    941 |   2 |  553.5 |
               +--------+--------+--------+--------+--------+-----+--------+

Top non-repeatable levels by time:
     D:1: 951 daAuts
     D:2: 155 daAuts
